 Dungeon Crawl Stone Soup version 0.31-a0-187-gba352fbbf7 (webtiles) character file.

Game seed: 16305408843391378474

60 qw the Shooter (level 3, 0/20 HPs)
             Began as a Deep Elf Hunter on June 22, 2023.
             Succumbed to their own poison gas
             ... on level 2 of the Dungeon.
             The game lasted 00:00:41 (1781 turns).

qw the Shooter (Deep Elf Hunter)                    Turns: 1781, Time: 00:00:41

Health: 0/20       AC:  6    Str: 12    XL:     3   Next: 80%
Magic:  5/5        EV: 12    Int: 15    God:
Gold:   37         SH:  5    Dex: 18    Spells: 2/2 levels left

rFire   . . .        Y - +0 shortbow
rCold   . . .        (shield currently unavailable)
rNeg    . . .        c - +0 leather armour
rPois   .            (no helmet)
rElec   .            b - +0 cloak
rCorr   .            a - +0 pair of gloves "Syjipset" {Str+2 Int+2}
SInv    .            d - +0 pair of boots
Will    .....        i - amulet of reflection
Stlth   ++           (no ring)
HPRegen 0.23/turn    (no ring)
MPRegen 0.09/turn

%: reflection
@: lethally poisoned (0 -> -1)
A: no striking features
a: no special abilities


You were on level 2 of the Dungeon.
You visited 1 branch of the dungeon, and saw 2 of its levels.

You collected 37 gold pieces.


   Skills:
 - Level 1.5 Fighting
 + Level 7.3 Ranged Weapons
 - Level 2.4 Dodging
 - Level 1.2 Stealth


You had 2 spell levels left.
You didn't know any spells.
Your spell library was empty.

Inventory:

Hand Weapons
 Y - a +0 shortbow (weapon)
Armour
 a - the +0 pair of gloves "Syjipset" (worn) {Str+2 Int+2}
   (You found it on level 2 of the Dungeon)

   Str:       It affects your strength (+2).
   Int:       It affects your intelligence (+2).
 b - a +0 cloak (worn)
 c - a +0 leather armour (worn)
 d - a +0 pair of boots (worn)
Jewellery
 i - an amulet of reflection (around neck)

Dungeon Overview and Level Annotations

Branches:
Dungeon (2/15)

Altars:

Shops:
D:1 *


Message History

Where to? (* - list waypoints, Enter - D:2, ? - help)
What level of the Dungeon? (default 1, ? - help) Sorry, I don't know how to get there.
Enter note:
Enter note:
Enter note:
Enter note:
Enter note:
Enter note:
Enter note:
Enter note:
Enter note:
Enter note:
Enter note:
Enter note: Really walk into that cloud of poison gas?
You are engulfed in poison gas.
You are lethally poisoned!
You feel very sick.
1772 ||| Stepping ~*~*~tactically~*~*~ (cloud).
You feel very sick.
You see here a +0 pair of gloves.
There is a lethal amount of poison in your body!
You feel very sick.
There is a lethal amount of poison in your body!
You feel sick.
There is a lethal amount of poison in your body!
You feel sick.
There is a lethal amount of poison in your body!
You feel sick.
There is a lethal amount of poison in your body!
You feel sick.
There is a lethal amount of poison in your body!
You feel sick.
There is a lethal amount of poison in your body!
You feel sick.
There is a lethal amount of poison in your body!
You feel sick.
There is a lethal amount of poison in your body!
You die...

#.#.#.#..# #.#.......#
#.....#.#
#.#......###.#0¤¤.¤.0#
#######.#
#.#>......##.#...0¤¤¤#
#.#
#.###.#.#.##.#0¤0000¤#
#.# #.#
#.#.#....#...¤00.# #.#
#.###.#.###..#¤00...0#
#.# #.....#.#
#..#00..000# #.#
........####.#.0.0.¤0#
########'#
.............#.¤@0000#
#.........
####.>.......#.#0#####
#.........
#####........0...#
#.........
....).....00¤.¤#0##
#.........
################¤.#
########## #¤0##
####### ##
#...#####.....###.
###0#0...##.....#...
#######
#.....##.##.....#.##


There were no monsters in sight!

Vanquished Creatures
  An adder (D:2)
  A dart slug (D:2)
  6 endoplasms
  2 giant cockroaches
  4 goblins
  7 hobgoblins
  3 quokkas
  5 bats
  4 frilled lizards
  7 kobolds
  5 rats
45 creatures vanquished.

Notes
Turn   | Place    | Note
-------+----------+-------------------------------------------
     0 | D:1      | qw the Deep Elf Hunter began the quest for the Orb.
     0 | D:1      | Reached XP level 1. HP: 12/12 MP: 3/3
     0 | D:1      | 0 ||| qw: Version: 0.3-a-9-g12657ce
     0 | D:1      | 0 ||| qw: Game counter: 2193
     0 | D:1      | 0 ||| qw: Always use a shield: true
     0 | D:1      | 0 ||| qw: God list: Okawaru
     0 | D:1      | 0 ||| qw: Allow faded altars: false
     0 | D:1      | 0 ||| qw: Do Orc after D:15 true
     0 | D:1      | 0 ||| qw: Do second Lair branch before Depths: true
     0 | D:1      | 0 ||| qw: Lair rune preference: random
     0 | D:1      | 0 ||| qw: Plans: Normal
     0 | D:1      | 0 ||| PLANNING D:1-11
   197 | D:1      | Found Meriuf's General Store.
   201 | D:1      | 201 ||| SHOPLISTING +1 robe of Veqysof {Str+3} (266 gold,
                  | have 0).
   201 | D:1      | 201 ||| SHOPLISTING ring of protection from cold (350 gold,
                  | have 0).
   201 | D:1      | 201 ||| SHOPLISTING scroll of enchant weapon (105 gold,
                  | have 0).
   275 | D:1      | HP: 3/12 [hobgoblin (4)]
   323 | D:1      | Reached XP level 2. HP: 16/16 MP: 4/4
   331 | D:1      | Reached skill level 6 in Ranged Weapons
   456 | D:1      | 456 ||| FLEEEEING.
   457 | D:1      | 457 ||| FLEEEEING.
   754 | D:1      | 754 ||| UPGRADING to +0 pair of boots.
   759 | D:1      | 759 ||| UPGRADING to +0 pair of gloves.
   764 | D:1      | 764 ||| READING scroll labelled XOL VAAPTACU.
   765 | D:1      | 765 ||| READING scroll labelled WEAGRA LOEXIL.
   766 | D:1      | 766 ||| DROPPING scroll of butterflies.
   806 | D:2      | Reached XP level 3. HP: 14/20 MP: 5/5
   812 | D:2      | 812 ||| FLEEEEING.
   813 | D:2      | 813 ||| FLEEEEING.
   857 | D:2      | Identified the +0 pair of gloves "Syjipset" {Str+2 Int+2}
  1127 | D:2      | Reached skill level 7 in Ranged Weapons
  1746 | D:2      | 1746 ||| UPGRADING to +0 pair of gloves "Syjipset" {Str+2
                  | Int+2}.
  1756 | D:2      | 1756 ||| UPGRADING to +0 cloak.
  1761 | D:2      | 1761 ||| DROPPING +0 pair of gloves.
  1762 | D:2      | 1762 ||| UPGRADING to amulet of reflection.
  1767 | D:2      | 1767 ||| READING scroll labelled VIREDU FUIRY.
  1768 | D:2      | 1768 ||| READING scroll labelled YGEMIN OCRI.
  1769 | D:2      | 1769 ||| READING scroll labelled ESMUNI BAPLOPN.
  1770 | D:2      | 1770 ||| READING scroll labelled KUCHAURHYTS.
  1772 | D:2      | 1772 ||| Stepping ~*~*~tactically~*~*~ (cloud).
  1776 | D:2      | HP: 4/20 [poisoned by you (poison gas)]
  1780 | D:2      | HP: 1/20 [poisoned by you (poison gas)]
  1781 | D:2      | Succumbed to their own poison gas

Levels and vault maps discovered:
D:1:      beargit_arrival_diablo_church, layout_loops_ring, serial_shops,
          nicolae_shop_stone, minmay_misc_feat_pillars
D:2:      layout_basic, serial_bayou_pond_c

Skill      XL: |  1  2  3 |
---------------+----------+-----
Ranged Weapons | 6 7 |  7.3
Fighting       | |  1.5
Dodging        | |  2.4
Stealth        | |  1.2

Action                     || total
---------------------------++-------
   Fire: Shortbow          ||   126
    Use: Scroll            ||     6
 Armour: Leather armour    ||    19
  Dodge: Dodged            ||    30

Table legend:
 A = Non-vault XP
 B = Vault XP
 C = Vault XP percentage of total XP
 D = Non-vault monster count
 E = Vault monster count
 F = Vault count percentage of total count
                 A         B        C        D         E       F
            +---------+---------+-------+---------+---------+-------
      Total |      86 |       0 |   0.0 |      45 |       0 |   0.0
            +---------+---------+-------+---------+---------+-------
        D:1 |      33 |       0 |   0.0 |      21 |       0 |   0.0
        D:2 |      53 |       0 |   0.0 |      24 |       0 |   0.0
            +---------+---------+-------+---------+---------+-------
